 Dungeon Crawl Stone Soup version 0.26-a0-812-g31a745ddcd (webtiles) character file.

Game seed: 11126653741540717550

140 Borgoz the Skirmisher (level 5, -3/46 HPs)
             Began as a Ghoul Monk on Dec 8, 2020.
             Killed by divine providence
             ... invoked by an orc priest
              (13 damage)
             ... on level 3 of the Dungeon.
             The game lasted 00:03:22 (3429 turns).

Borgoz the Skirmisher (Ghoul Monk)                  Turns: 3429, Time: 00:03:23

Health: -3/46      AC:  3    Str: 16    XL:     5   Next: 23%
Magic:  4/4        EV: 12    Int:  5    God:
Gold:   160        SH:  0    Dex: 11    Spells: 4/4 levels left

rFire    . . .     SeeInvis .   a - +0 falchion
rCold    + . .     Faith    .   (no shield)
rNeg     + + +     Spirit   .   d - +0 leather armour
rPois    ∞         Reflect  .   (no helmet)
rElec    .         Harm     .   (no cloak)
rCorr    .         Rampage  .   (no gloves)
MR       .....                  (no boots)
Stlth    ++........             h - amulet of inaccuracy (curse)
HPRegen  0.00/turn              (no ring)
MPRegen  0.09/turn              (no ring)

@: no status effects
A: rotting body, claws 1, cold resistance 1, negative energy resistance 3,
inhibited regeneration, torment resistance, unbreathing
a: no special abilities


You were on level 3 of the Dungeon.
You visited 1 branch of the dungeon, and saw 3 of its levels.

You collected 160 gold pieces.

Inventory:

Hand Weapons
 a - a +0 falchion (weapon)
Armour
 d - a +0 leather armour (worn)
Jewellery
 h - a cursed amulet of inaccuracy (around neck)
Scrolls
 b - a scroll of enchant armour
 c - a scroll of identify
 f - a scroll of blinking


   Skills:
 + Level 4.0 Fighting
 * Level 3.9 Long Blades
 + Level 1.6 Armour
 + Level 3.3 Dodging
 - Level 2.1 Stealth


You had 4 spell levels left.
You didn't know any spells.
Your spell library was empty.

Dungeon Overview and Level Annotations

Branches:
Dungeon (3/15)

Altars:
Makhleb
Trog


Innate Abilities, Weirdness & Mutations

Your body is rotting away.
You thrive by killing the living.
You are immune to poison.
You have sharp fingernails.
Your flesh is cold resistant. (rC+)
You are immune to negative energy. (rN+++)
You do not regenerate when monsters are visible.
You are immune to unholy pain and torment.
You can survive without breathing.


Message History

You miss the orc priest.
The orc priest is heavily wounded.
The orc priest hits you with a +0 flail!
* * * LOW HITPOINT WARNING * * *
You barely miss the orc priest.
The orc priest is heavily wounded.
You closely miss the orc priest.
The orc priest is heavily wounded.
The orc priest barely misses you.
You barely miss the orc priest.
The orc priest is heavily wounded.
The orc priest barely misses you.
You barely miss the orc priest.
The orc priest is heavily wounded.
The orc priest hits you but does no damage.
You hit the orc priest.
The orc priest is severely wounded.
The orc priest mumbles some strange prayers to Beogh against you.
Beogh smites you!
You die...

.#.#.#.######
.#...#.÷..<.#
######..######
'....#.........
##......#########..#
##...(.............#
##....#......#####.#
##....'......'...#
##....#......###@#
##....#......# #o#
##....#......# #o#
##....#......# #o#
#....#......# #o#
#....#......# #.#
######......# #.#
#......# #.#
#......#


You could see an orc priest and 3 orcs.

Vanquished Creatures
  5 adders
  2 oozes (D:1)
  5 worms
  2 leopard geckos
  An orc (D:3)
  5 giant cockroaches
  5 goblins
  7 hobgoblins
  10 jackals
  2 bats (D:1)
  7 frilled lizards
  7 kobolds
  12 rats
70 creatures vanquished.

Notes
Turn   | Place    | Note
-------+----------+-------------------------------------------
     0 | D:1      | Borgoz the Ghoul Monk began the quest for the Orb.
     0 | D:1      | Reached XP level 1. HP: 19/19 MP: 0/0
    45 | D:1      | Reached XP level 2. HP: 7/26 MP: 1/1
   570 | D:1      | Reached XP level 3. HP: 26/31 MP: 2/2
  1103 | D:1      | Reached skill level 1 in Armour
  1191 | D:2      | Found a burning altar of Makhleb.
  1300 | D:2      | Reached XP level 4. HP: 38/40 MP: 3/3
  1749 | D:2      | Noticed a moth of wrath
  1751 | D:2      | Found a bloodstained altar of Trog.
  2652 | D:2      | Reached XP level 5. HP: 22/46 MP: 4/4
  2938 | D:3      | Reached skill level 4 in Fighting
  3429 | D:3      | Killed from afar by an orc priest

Illustrated notes

Levels and vault maps discovered:
D:1:      minmay_arrival_checkered_box, layout_rooms
D:2:      layout_basic, old_standard_altar, tgw_trog
D:3:      layout_basic

Skill      XL: |  1  2  3  4  5 |
---------------+----------------+-----
Long Blades    | 3 |  3.9
Dodging        | 3 |  3.3
Armour         | 1 |  1.6
Fighting       | 4 |  4.0
Stealth        | |  2.1

Action                   |  1- 3 |  4- 6 || total
-------------------------+-------+-------++-------
Melee: Falchion          |   128 |   182 ||   310
  Use: Scroll            |     1 |     3 ||     4
       Potion            |       |     2 ||     2
 Stab: Distracted        |     1 |       ||     1
       Sleeping          |       |     3 ||     3
Armor: Robe              |     4 |       ||     4
       Leather armour    |    25 |    49 ||    74
Dodge: Dodged            |   113 |   128 ||   241
       Rpst.: Falchion   |    37 |    44 ||    81

Table legend: (Time is in decaauts)
 A = Elapsed time spent in this place.
 B = Non-inter-level travel time spent in this place.
 C = Inter-level travel time spent in this place.
 D = Time resting spent in this place.
 E = Time spent auto-exploring this place.
 F = Levels seen in this place.
 G = Mean time per level.
                   A        B        C        D        E       F      G
               +--------+--------+--------+--------+--------+-----+--------+
         Total |   3468 |   3406 |     62 |   1413 |   1346 |   3 | 1156.0 |
       Dungeon |   3468 |   3406 |     62 |   1413 |   1346 |   3 | 1156.0 |
               +--------+--------+--------+--------+--------+-----+--------+

Top non-repeatable levels by time:
     D:2: 1764 daAuts
     D:1: 1200 daAuts
     D:3: 504 daAuts
